 Dungeon Crawl Stone Soup version 0.27.0-1-g7a089689b8 (webtiles) character file.

Game seed: 14063298810560164991

1 MajorAdolf the Chiller (level 1, 0/16 HPs)
             Began as a Naga Wanderer on Aug 14, 2021.
             Slain by a hobgoblin (4 damage)
             ... on level 1 of the Dungeon.
             The game lasted 00:01:24 (71 turns).

MajorAdolf the Chiller (Naga Wanderer)                Turns: 71, Time: 00:01:25

Health: 0/16       AC:  1    Str: 13    XL:     1   Next: 20%
Magic:  2/2        EV:  9    Int: 14    God:
Gold:   0          SH:  0    Dex:  9    Spells: 2/2 levels left

rFire    . . .     SeeInvis +   b - +0 shortbow
rCold    . . .     Faith    .   (shield currently unavailable)
rNeg     . . .     Spirit   .   d - +0 robe
rPois    +         Reflect  .   (no helmet)
rElec    .         Harm     .   (no cloak)
rCorr    .         Rampage  .   (no gloves)
Will     .....                  (no barding)
Stlth    +.........             (no amulet)
HPRegen  0.05/turn              (no ring)
MPRegen  0.08/turn              (no ring)

@: very slow
A: AC +0, large, see invisible, deformed body, poison resistance, slowness 2,
spit poison 1, naga tail 1
a: Spit Poison


You were on level 1 of the Dungeon.
You visited 1 branch of the dungeon, and saw 1 of its levels.

Inventory:

Hand Weapons
 a - a +0 club
 b - a +0 shortbow (weapon)
Missiles
 c - 21 arrows (quivered ammo)
Armour
 d - a +0 robe (worn)
 e - a +0 kite shield
Potions
 f - a potion of degeneration {unknown}


   Skills:
 + Level 0.4 Fighting
 - Level 1.7 Bows
 - Level 1.0 Armour
 - Level 1.5 Stealth
 - Level 1.0 Shields
 - Level 1.0 Spellcasting
 - Level 1.0 Transmutations
 - Level 3.0 Ice Magic


You had 2 spell levels left.
You didn't know any spells.
Your spell library was empty.

Dungeon Overview and Level Annotations

Branches:
Dungeon (1/15)

Altars:


Innate Abilities, Weirdness & Mutations

Your serpentine skin is tough. (AC +0)
You have supernaturally acute eyesight. (SInv)
Armour fits poorly on your strangely shaped body.
Your system is resistant to poisons. (rPois)
You cover ground very slowly.
You can spit poison.
You have a snake-like lower body.


Message History

Aim: a hobgoblin (wandering, hasn't noticed you, 52% to hit)
Okay, then.
Press: ? - help, Shift-Dir - straight line, f - hobgoblin, p - quokka
Aim: a hobgoblin (wandering, hasn't noticed you)
You fail to use your ability.
The quokka completely misses you.
Press: ? - help, Shift-Dir - straight line, f - quokka
Aim: a quokka
Okay, then.
Fire: 24 arrows
Press: ? - help, Q - select action, (/) - cycle Shift-Dir - straight line, f - quokka
Aim: a quokka (38% to hit)
You shoot an arrow. The arrow barely misses the quokka.
You hear a shout!
The quokka bites you.
Press: ? - help, Shift-Dir - straight line, f - hobgoblin, p - quokka
Aim: a hobgoblin The splash of poison hits the quokka but does no damage.
The quokka is poisoned.
The quokka closely misses you. The quokka barely misses you.
Fire: 23 arrows
Press: ? - help, Q - select action, (/) - cycle Shift-Dir - straight line, f/p - hobgoblin
Aim: a hobgoblin (52% to hit)
You shoot an arrow. The arrow closely misses the quokka.
The arrow hits the hobgoblin but does no damage.
The quokka misses you. The quokka closely misses you. The quokka bites you.
The hobgoblin hits you.
* * * LOW HITPOINT WARNING * * *
You can't do that yet.
Unknown command.
Fire: 22 arrows
Press: ? - help, Q - select action, (/) - cycle Shift-Dir - straight line, f - quokka, p - hobgoblin
Aim: a quokka (severely wounded, poisoned, 38% to hit)
You shoot an arrow.
The arrow completely misses the hobgoblin.
The arrow hits the quokka.
You kill the quokka!
You have got your breath back.
The hobgoblin hits you.
You die...

### ... #.##### .#
#.....##...#
#...(.()..(#
####g####..#
####....@..####
##.............##
##...............##
#........⌠........#
#.......⌠>⌠.......#
#........⌠........#
#.................#
##...............##
##.............##


You could see a hobgoblin.

Vanquished Creatures
  A kobold (D:1)
  A quokka (D:1)
2 creatures vanquished.

Notes
Turn   | Place    | Note
-------+----------+-------------------------------------------
     0 | D:1      | MajorAdolf the Naga Wanderer began the quest for the Orb.
     0 | D:1      | MajorAdolf set off with the following items: a +0 club, a
                  | +0 shortbow, 27 arrows, a +0 robe, a +0 kite shield
     0 | D:1      | Reached XP level 1. HP: 15/15 MP: 2/2
    71 | D:1      | Slain by a hobgoblin

Illustrated notes

Levels and vault maps discovered:
D:1:      dpeg_arrival_three_bigger_balls, layout_basic, basic_ecumenical_altar

Action                   || total
-------------------------++-------
 Fire: Shortbow          ||     6
 Abil: Spit Poison       ||     2
Dodge: Dodged            ||     5
